 Dungeon Crawl Stone Soup version 0.15.2 (webtiles) character file.

567 Huymann the Magician (level 7, 0/37 HPs)
             Began as a Deep Elf Wizard on Mar 28, 2018.
             Slain by an orc warrior
             ... wielding a +1 hand axe of venom
              (14 damage)
             ... on Level 6 of the Dungeon on Mar 29, 2018.
             The game lasted 00:52:15 (4143 turns).

Huymann the Magician (Deep Elf Wizard)              Turns: 4143, Time: 00:52:15

HP   0/37        AC  2     Str 10      XL: 7   Next: 11%
MP   4/24        EV 14     Int 23      God:
Gold 298         SH  0     Dex 14      Spells:  5 memorised,  7 levels left

rFire  . . .     SeeInvis .     O - +2 dagger (freeze)
rCold  . . .     Clarity  .     G - +0 robe (curse)
rNeg   . . .     rCorr    .     (no shield)
rPois  .         rRot     .     b - +0 hat
rElec  .         Spirit   .     (no cloak)
SustAb +         Warding  .     (no gloves)
rMut   .         Stasis   .     (no boots)
Gourm  .                        (no amulet)
MR     .....                    (no ring)
                                I - ring of sustain abilities

@: mighty, lethally poisoned, very slightly contaminated, not resistant to
hostile enchantments, fairly stealthy
A: no striking features
a: no special abilities


You were on level 6 of the Dungeon.
You were not hungry.

You visited 1 branch of the dungeon, and saw 6 of its levels.

You collected 298 gold pieces.

Inventory:

Hand weapons
 i - a +0 hunting sling
 k - a +0 shortbow
 t - a +0 blowgun
 O - a +2 dagger of freezing (weapon)
Missiles
 h - 33 sling bullets
 v - 15 arrows of flame
 B - 7 arrows of frost
 K - 67 arrows
 L - 13 poisoned needles
Armour
 a - a +0 robe
 b - a +0 hat (worn)
 m - a +0 helmet
 q - a +0 shield
 G - a cursed +0 robe (worn)
 P - a +0 robe
Comestibles
 d - 2 bread rations
 f - 4 beef jerkies
 l - 2 rotting chunks of jackal flesh
 n - 2 meat rations
 p - a chunk of worker ant flesh
 r - 2 fruits
 w - a rotting chunk of orc flesh
 x - a chunk of goblin flesh
 z - 2 slices of pizza
 Q - a chunk of adder flesh
Scrolls
 e - 4 scrolls of identify
 g - 3 scrolls of enchant armour {unknown}
 j - 4 scrolls of remove curse
 y - a scroll of noise {unknown}
 A - 2 scrolls of blinking {unknown}
 E - a scroll of fear {unknown}
 H - a scroll of recharging {unknown}
 N - 2 scrolls of enchant weapon {unknown}
Jewellery
 o - an uncursed amulet of warding
 I - a ring of sustain abilities (left hand)
Potions
 s - a potion of haste {unknown}
 u - 2 potions of restore abilities {unknown}
 C - a potion of might
 D - a potion of cancellation {unknown}
 F - a potion of magic {unknown}
 J - 2 potions of curing {unknown}
 M - a potion of poison {unknown}
Books
 c - a book of Minor Magic

   Spells                             Type                      Level
   *Magic Dart                        Conjuration                  1
   Blink                              Translocation                2
   *Call Imp                          Summoning                    2
   *Repel Missiles                    Charms/Air                   2
   Slow                               Hexes                        2
   *Conjure Flame                     Conjuration/Fire             3
   *Mephitic Cloud                    Conjuration/Poison/Air       3


   Skills:
 + Level 0.5 Fighting
 * Level 2.4 Short Blades
 * Level 2.0 Bows
 + Level 0.7 Throwing
 * Level 4.4 Dodging
 * Level 3.9 Stealth
 + Level 6.3 Spellcasting
 * Level 3.1 Conjurations
 * Level 2.6 Summonings
   Level 1.1 Translocations
 + Level 0.4 Fire Magic


You had 7 spell levels left.
You knew the following spells:

 Your Spells              Type           Power        Failure   Level  Hunger
a - Magic Dart            Conj           ###.         2%          1    None
b - Call Imp              Summ           ###.....     4%          2    None
c - Conjure Flame         Conj/Fire      ###.....     14%         3    #......
d - Repel Missiles        Chrm/Air       #.....       14%         2    None
e - Mephitic Cloud        Conj/Pois/Air  ##......     17%         3    #......


Dungeon Overview and Level Annotations

Branches:
Dungeon (6/15)
 Temple: D:4-7

Altars:
Elyvilon
Fedhas
Okawaru
Yredelemnul

Annotations:
D:4 arnash1's ghost, average TrBe


Message History

This raw flesh tastes terrible.
Your iron imp completely misses the orc warrior.
You continue eating.
The orc warrior hits your white imp with a glowing hand axe!
Your white imp dies!
The orc closely misses your iron imp.
Your iron imp hits the orc warrior.
You continue eating.
You feel very mighty all of a sudden. The orc warrior barely misses you.
Your iron imp closely misses the orc.
Something barely misses your iron imp.
You hit the orc warrior. You freeze the orc warrior.
The orc warrior is moderately wounded.
The orc warrior hits you with a glowing hand axe!
You are lethally poisoned!
Your iron imp hits the orc.
Something hits your iron imp.
You hit the orc warrior but do no damage.
The orc warrior is moderately wounded.
You feel sick. The orc closely misses your iron imp.
The orc warrior hits you with a hand axe of venom!
You die...

..# . ... ... ..#
... #.# .....'..
.$.#§## o.§.
#.#####.#####.###..
#>.....5oo@§W......
##.#####.#####.####.
.......##.#
........##.#
........##.#
#......##.# ..
#......#..####.....
#......#.#......#
#......._.......#
.##


You could see a phantom, an orc warrior, an orc and a friendly iron imp.

Vanquished Creatures
  An ogre (D:6)
  A centaur (D:3)
  A giant frog (D:6)
  A scorpion (D:4)
  3 orc wizards (D:4)
  3 worker ants
  Jessica (D:3)
  4 adders
  A giant mite (D:6)
  A worm (D:3)
  3 giant geckos (D:1)
  5 orcs
  5 giant cockroaches
  2 gnoll zombies (D:4)
  17 goblins
  8 hobgoblins
  4 jackals (D:6)
  A quokka (D:2)
  3 ball pythons
  8 bats
  6 giant newts
  A hobgoblin skeleton (D:4)
  5 kobolds
  A kobold skeleton (D:4)
  7 rats
93 creatures vanquished.

Vanquished Creatures (collateral kills)
  An adder (D:3)
  A worm (D:3)
  2 orcs
  A bat (D:3)
  A hobgoblin (D:3)
  A kobold (D:3)
  A giant gecko (D:3)
8 creatures vanquished.

Vanquished Creatures (others)
  2 shadow imps
  3 white imps
5 creatures vanquished.

Grand Total: 106 creatures vanquished

Notes
Turn   | Place    | Note
--------------------------------------------------------------
     0 | D:1      | Huymann, the Deep Elf Wizard, began the quest for the Orb.
     0 | D:1      | Reached XP level 1. HP: 10/10 MP: 6/6
   399 | D:2      | Found a white marble altar of Elyvilon.
   402 | D:2      | Reached XP level 2. HP: 12/15 MP: 7/10
   426 | D:2      | Found a blossoming altar of Fedhas.
   440 | D:2      | Reached skill level 5 in Spellcasting
   877 | D:1      | Reached XP level 3. HP: 13/19 MP: 11/14
   914 | D:1      | Learned a level 2 spell: Call Imp
  1283 | D:2      | Learned a level 3 spell: Conjure Flame
  1663 | D:2      | Reached skill level 1 in Short Blades
  2261 | D:3      | Reached XP level 4. HP: 20/24 MP: 9/17
  2360 | D:3      | Noticed Jessica
  2366 | D:3      | Killed Jessica
  2538 | D:3      | Noticed a centaur
  2545 | D:3      | Learned a level 2 spell: Repel Missiles
  2549 | D:3      | Learned a level 3 spell: Mephitic Cloud
  2594 | D:3      | Killed a centaur
  2594 | D:3      | Reached XP level 5. HP: 28/28 MP: 4/20
  3316 | D:4      | Found a basalt altar of Yredelemnul.
  3350 | D:4      | Reached XP level 6. HP: 33/33 MP: 12/21
  3361 | D:4      | Reached skill level 6 in Spellcasting
  3671 | D:4      | Noticed arnash1's ghost (average TrBe)
  3705 | D:5      | Entered Level 5 of the Dungeon
  3868 | D:6      | Reached skill level 1 in Bows
  4055 | D:6      | Found an iron altar of Okawaru.
  4133 | D:6      | Reached XP level 7. HP: 29/37 MP: 9/24
  4143 | D:6      | Slain by an orc warrior

Action                   |  1- 3 |  4- 6 |  7- 9 || total
-------------------------+-------+-------+-------++-------
Melee: Dagger            |    55 |    64 |     2 ||   121
 Fire: Blowgun           |       |    17 |       ||    17
       Shortbow          |       |    10 |       ||    10
 Cast: Magic Dart        |    86 |    19 |       ||   105
       Call Imp          |     5 |    10 |     2 ||    17
       Conjure Flame     |     2 |     7 |     1 ||    10
       Mephitic Cloud    |       |    11 |       ||    11
  Use: Scroll            |     4 |     1 |       ||     5
       Potion            |     1 |       |     1 ||     2
 Stab: Sleeping          |     4 |     3 |       ||     7
       Confused          |       |     5 |       ||     5
  Eat: Chunk             |     4 |     5 |     1 ||    10
       Fruit             |       |     1 |       ||     1
